 Dungeon Crawl Stone Soup version 0.29.0-4-gdea44cf6ec (webtiles) character file.

Game seed: 4969491209679786073

173 qw the Chopper (level 5, 0/30 HPs)
             Began as a Tengu Warper on Aug 28, 2022.
             Was an Initiate of Okawaru.
             Killed from afar by Ijyb (6 damage)
             ... with a puff of flame
             ... on level 4 of the Dungeon.
             The game lasted 00:00:25 (4715 turns).

qw the Chopper (Tengu Warper)                       Turns: 4715, Time: 00:00:25

Health: 0/30       AC:  1    Str: 14    XL:     5   Next: 53%
Magic:  9/9        EV: 13    Int: 13    God:    Okawaru [......]
Gold:   154        SH:  0    Dex: 13    Spells: 8/8 levels left

rFire   . . .      SeeInvis .   j - +0 hand axe (vamp)
rCold   . . .      Faith    .   (no shield)
rNeg    . . .      Spirit   .   i - +0 ring mail
rPois   .          Reflect  .   (helmet restricted)
rElec   .          Harm     .   (no cloak)
rCorr   .          Rampage  .   (no gloves)
Will    .....                   (boots unavailable)
Stlth   +.........              m - amulet of the acrobat
HPRegen 0.10/turn               (no ring)
MPRegen 0.11/turn               (no ring)

@: corroded, flying quickly and evasively, quick
A: beak, talons 3, nimble flight
a: Renounce Religion


You were on level 4 of the Dungeon.
You worshipped Okawaru.
Okawaru was noncommittal.
You visited 2 branches of the dungeon, and saw 5 of its levels.

You collected 154 gold pieces.


Innate Abilities, Weirdness & Mutations

You have a beak for a mouth.
You have claws for feet.
Your magical nature lets you fly swiftly and evasively.


   Skills:
 - Level 2.0 Fighting
 + Level 6.1 Axes
 - Level 1.0 Throwing
 - Level 1.1 Armour
 - Level 2.1 Dodging
 - Level 2.0 Spellcasting
 - Level 2.4 Translocations


You had 8 spell levels left.
You didn't know any spells.
Your spell library contained the following spells:

 Spells                   Type           Power      Damage    Failure   Level
 Blink                    Tloc           14%        N/A       30%         2
 Gell's Gravitas          Tloc           7%         N/A       52%         3
 Lesser Beckoning         Tloc           7%         N/A       52%         3
 Teleport Other           Tloc           7%         N/A       52%         3
 Manifold Assault         Tloc           7%         N/A       99%         5

Inventory:

Hand Weapons
 j - a +0 vampiric hand axe (weapon)
 n - a +0 flail
Armour
 i - a +0 ring mail (worn)
Jewellery
 m - an amulet of the acrobat (around neck)
Potions
 a - a potion of mutation {unknown}
 b - a potion of ambrosia {unknown}
 c - a potion of might {unknown}
 e - a potion of brilliance {unknown}
 f - a potion of berserk rage {unknown}
 g - a potion of degeneration {unknown}
 h - a potion of flight {unknown}
 k - a potion of curing
 l - a potion of attraction {unknown}

Dungeon Overview and Level Annotations

Branches:
Dungeon (4/15)             Temple (1/1) D:4

Altars:
Ashenzari
Cheibriados
Elyvilon
Gozag
Hepliaklqana
Kikubaaqudgha
Nemelex Xobeh
Okawaru
Qazlal
Uskayaw
Vehumet
Wu Jian
Xom
Zin
The Shining One

Shops:
D:3 =

Annotations:
D:4 1 runed translucent door, Ijyb; qw's ghost, amateur TeWr


Message History

You hit the orc. You claw the orc.
You kill the orc!
Okawaru accepts your kill.
You hit the orc.
You feel better.
You hit the orc but do no damage. The orc closely misses you.
The orc barely misses you.
You hit the orc.
You kill the orc!
Okawaru accepts your kill.
You hit the hobgoblin. You hit the orc. The orc hits you with a +0 club.
The hobgoblin barely misses you.
You closely miss the hobgoblin.
The hobgoblin is severely wounded.
You hit the jelly.
You feel better. The acid corrodes you!
Your hands burn!
You closely miss the orc. The hobgoblin hits you. The orc barely misses you.
The jelly closely misses you.
You hit the hobgoblin.
You kill the hobgoblin!
Okawaru accepts your kill.
You hit the orc.
You feel better.
You hit the jelly.
Your hands burn!
You hit the orc but do no damage. The jelly barely misses you.
The orc closely misses you. The orc hits you with a +0 flail!
You hit the orc.
You feel better.
You kill the orc!
Okawaru accepts your kill.
You hit the orc but do no damage. You hit the jelly.
You feel better.
Your hands burn!
The jelly barely misses you.
An iguana comes into view.
The orc hits you with a +0 club.
You hit the jelly.
Your hands burn!
The jelly is severely wounded.
You hit the orc. You barely miss Ijyb. The jelly closely misses you.
Ijyb hits you with a +0 club. The orc misses you.
You barely miss the orc. Your kick misses the orc. Your peck misses the orc.
The orc is almost dead.
You hit the jelly but do no damage.
Your hands burn!
You closely miss the quokka. You closely miss Ijyb.
The quokka closely misses you.
Ijyb zaps a wand.
The puff of flame hits you.
You die...

#....#.####
##....#..##. #######
#..>.###.)..
#.....#### ##....#
###..
######...#####....##
### #.....##.....#
#...........##
##......<...#
##.@r......# #
#gJo.#....# #
##...##...# #
#...<#...# #
#........# #
#........# ##
.....l... #.
......... ## #~


You could see Ijyb, an iguana, a jelly, an orc and a quokka.

Vanquished Creatures
  A hound (D:3)
  4 gnolls
  2 adders
  2 worms
  4 dart slugs
  5 orcs
  6 ball pythons
  5 endoplasms
  3 giant cockroaches (D:1)
  3 goblins
  7 hobgoblins
  2 jackals (D:3)
  5 kobolds
  12 bats
  A frilled lizard (D:1)
  4 rats
66 creatures vanquished.

Vanquished Creatures (others)
  4 plants (D:3)
4 creatures vanquished.

Grand Total: 70 creatures vanquished

Notes
Turn   | Place    | Note
-------+----------+-------------------------------------------
     0 | D:1      | qw the Tengu Warper began the quest for the Orb.
     0 | D:1      | Reached XP level 1. HP: 12/12 MP: 4/4
     0 | D:1      | 0 ||| qw: Version: 0.1-a-89-g26bdef1
     0 | D:1      | 0 ||| qw: Game counter: 417
     0 | D:1      | 0 ||| qw: Always use a shield: true
     0 | D:1      | 0 ||| qw: God list: Okawaru
     0 | D:1      | 0 ||| qw: Allow faded altars: false
     0 | D:1      | 0 ||| qw: Do Orc after D:15 true
     0 | D:1      | 0 ||| qw: Do second Lair branch before Depths: true
     0 | D:1      | 0 ||| qw: Lair rune preference: random
     0 | D:1      | 0 ||| qw: Plans: Normal
     0 | D:1      | 0 ||| PLANNING D:1-11
    24 | D:1      | 24 ||| Stepping ~*~*~tactically~*~*~ (stealth).
    29 | D:1      | 29 ||| Stepping ~*~*~tactically~*~*~ (stealth).
    35 | D:1      | 35 ||| Stepping ~*~*~tactically~*~*~ (stealth).
   208 | D:1      | 208 ||| Stepping ~*~*~tactically~*~*~ (hiding).
   224 | D:1      | 224 ||| Stepping ~*~*~tactically~*~*~ (hiding).
   326 | D:1      | 326 ||| Stepping ~*~*~tactically~*~*~ (hiding).
   338 | D:1      | Reached skill level 3 in Axes
   338 | D:1      | Reached XP level 2. HP: 12/17 MP: 6/6
  1186 | D:1      | 1186 ||| Stepping ~*~*~tactically~*~*~ (hiding).
  1288 | D:1      | 1288 ||| Stepping ~*~*~tactically~*~*~ (hiding).
  1296 | D:1      | Reached XP level 3. HP: 18/21 MP: 7/7
  1334 | D:1      | 1334 ||| DROPPING scroll of blinking.
  1553 | D:2      | Reached skill level 4 in Axes
  1812 | D:2      | 1812 ||| Stepping ~*~*~tactically~*~*~ (hiding).
  2292 | D:2      | Found a faded altar of an unknown god.
  2563 | D:2      | 2563 ||| UPGRADING to amulet of the acrobat.
  2568 | D:2      | 2568 ||| READING scroll labelled HAIGGO BUGIRYMMOA.
  2569 | D:2      | 2569 ||| READING scroll labelled ZITROKO IDGHE.
  2570 | D:2      | 2570 ||| READING scroll labelled NUECUI RERAE.
  2571 | D:2      | 2571 ||| READING scroll labelled AGRASU TECHA.
  2572 | D:2      | 2572 ||| Stepping randomly (stuck).
  2573 | D:2      | 2573 ||| Stepping ~*~*~tactically~*~*~ (cloud).
  2824 | D:3      | Found Eptin's Jewellery Boutique.
  2832 | D:3      | 2832 ||| SHOPLISTING +4 ring of evasion (432 gold, have
                  | 83).
  2832 | D:3      | 2832 ||| SHOPLISTING +6 ring of strength (432 gold, have
                  | 83).
  2832 | D:3      | 2832 ||| SHOPLISTING amulet of reflection (360 gold, have
                  | 83).
  2832 | D:3      | 2832 ||| SHOPLISTING ring of fire (300 gold, have 83).
  2832 | D:3      | 2832 ||| SHOPLISTING ring of poison resistance (240 gold,
                  | have 83).
  2832 | D:3      | 2832 ||| SHOPLISTING ring of protection from fire (300
                  | gold, have 83).
  2874 | D:3      | Reached skill level 5 in Axes
  2874 | D:3      | Reached XP level 4. HP: 24/26 MP: 8/8
  2901 | D:3      | Found an ancient bone altar of Kikubaaqudgha.
  2901 | D:3      | Found a shimmering altar of Xom.
  3005 | D:3      | 3005 ||| Stepping ~*~*~tactically~*~*~ (stealth).
  3010 | D:3      | 3010 ||| Stepping ~*~*~tactically~*~*~ (stealth).
  3011 | D:3      | 3011 ||| Stepping ~*~*~tactically~*~*~ (stealth).
  3016 | D:3      | 3016 ||| Stepping ~*~*~tactically~*~*~ (stealth).
  3017 | D:3      | 3017 ||| Stepping ~*~*~tactically~*~*~ (stealth).
  3018 | D:3      | 3018 ||| Stepping ~*~*~tactically~*~*~ (stealth).
  3069 | D:3      | 3069 ||| Stepping ~*~*~tactically~*~*~ (stealth).
  3071 | D:3      | 3071 ||| Stepping ~*~*~tactically~*~*~ (stealth).
  3076 | D:3      | 3076 ||| Stepping ~*~*~tactically~*~*~ (stealth).
  3080 | D:3      | 3080 ||| Stepping ~*~*~tactically~*~*~ (stealth).
  3269 | D:3      | 3269 ||| Stepping ~*~*~tactically~*~*~ (stealth).
  3659 | D:3      | Found a snail-covered altar of Cheibriados.
  3660 | D:3      | 3660 ||| UPGRADING to +0 ring mail.
  3670 | D:3      | 3670 ||| DROPPING +0 leather armour.
  3671 | D:3      | 3671 ||| DROPPING amulet of faith.
  3672 | D:3      | 3672 ||| READING scroll labelled YWKEZY OGRUWY.
  3703 | D:3      | 3703 ||| Stepping randomly (stuck).
  3704 | D:3      | 3704 ||| Stepping randomly (stuck).
  3705 | D:3      | 3705 ||| Stepping randomly (stuck).
  3706 | D:3      | 3706 ||| Stepping randomly (stuck).
  3707 | D:3      | 3707 ||| Stepping randomly (stuck).
  3708 | D:3      | 3708 ||| Stepping randomly (stuck).
  3709 | D:3      | 3709 ||| Stepping randomly (stuck).
  3713 | D:3      | 3713 ||| Stepping randomly (stuck).
  3714 | D:3      | 3714 ||| Stepping randomly (stuck).
  3715 | D:3      | 3715 ||| Stepping randomly (stuck).
  3716 | D:3      | 3716 ||| Stepping randomly (stuck).
  3718 | D:3      | 3718 ||| Stepping randomly (stuck).
  3720 | D:3      | 3720 ||| Stepping randomly (stuck).
  3722 | D:3      | 3722 ||| Stepping randomly (stuck).
  3724 | D:3      | 3724 ||| Stepping randomly (stuck).
  3725 | D:3      | 3725 ||| Stepping randomly (stuck).
  3727 | D:3      | 3727 ||| Stepping randomly (stuck).
  3729 | D:3      | 3729 ||| Stepping randomly (stuck).
  3730 | D:3      | 3730 ||| Stepping randomly (stuck).
  3733 | D:3      | 3733 ||| Stepping randomly (stuck).
  3734 | D:3      | 3734 ||| Stepping randomly (stuck).
  3735 | D:3      | 3735 ||| Stepping randomly (stuck).
  3736 | D:3      | 3736 ||| Stepping randomly (stuck).
  3737 | D:3      | 3737 ||| Stepping randomly (stuck).
  3750 | D:3      | Gained mutation: Your magical nature lets you fly swiftly
                  | and evasively. [Tengu growth]
  3750 | D:3      | Reached XP level 5. HP: 16/30 MP: 9/9
  4148 | D:3      | 4148 ||| DRINKING 2 blue potions.
  4271 | D:4      | 4271 ||| FLEEEEING.
  4272 | D:4      | 4272 ||| FLEEEEING.
  4274 | D:4      | 4274 ||| FLEEEEING.
  4275 | D:4      | 4275 ||| FLEEEEING.
  4276 | D:4      | 4276 ||| FLEEEEING.
  4277 | D:4      | 4277 ||| FLEEEEING.
  4278 | D:4      | 4278 ||| FLEEEEING.
  4279 | D:4      | 4279 ||| FLEEEEING.
  4280 | D:4      | 4280 ||| FLEEEEING.
  4281 | D:4      | 4281 ||| FLEEEEING.
  4282 | D:4      | 4282 ||| FLEEEEING.
  4283 | D:4      | 4283 ||| FLEEEEING.
  4285 | D:4      | 4285 ||| STAIRDANCE
  4327 | D:4      | 4327 ||| STAIRDANCE
  4366 | D:4      | 4366 ||| STAIRDANCE
  4537 | D:4      | 4537 ||| SWAPPING to +0 vampiric hand axe.
  4538 | D:4      | 4538 ||| DROPPING +0 hand axe.
  4541 | D:4      | Found a staircase to the Ecumenical Temple.
  4542 | D:4      | 4542 ||| PLANNING TEMPLE
  4552 | D:4      | Reached skill level 6 in Axes
  4560 | Temple   | Entered the Ecumenical Temple
  4561 | Temple   | 4561 ||| DROPPING +0 whip.
  4574 | Temple   | Became a worshipper of Warmaster Okawaru
  4626 | Temple   | 4626 ||| PLANNING D:1-11
  4651 | D:4      | Found a runed translucent door.
  4653 | D:4      | Noticed qw's ghost (amateur TeWr)
  4706 | D:4      | Noticed Ijyb
  4715 | D:4      | HP: 6/30 [acid (4)]
  4715 | D:4      | Killed from afar by Ijyb

Levels and vault maps discovered:
D:1:      co_arrival_random_square_maze, layout_basic
D:2:      layout_basic, shapermc_ecumenical_altar_totnotflames,
          hangedman_decor_riveting
D:3:      layout_loops_corners, gammafunk_temple_overflow_wave,
          cheibrodos_worm_habitat, serial_shops, shop, serial_bayou,
          serial_bayou_shore_a, serial_bayou_shore_b, serial_bayou_lagoon_a,
          serial_bayou_pond_b, small_statue_intersection
D:4:      minmay_diamond_boxcup, layout_layer_cave, minmay_temple_entry_glass,
          ebering_ghost_sewer_f, uniq_ijyb
Temple:   nicolae_temple_hex_pool

Skill      XL: |  1  2  3  4  5 |
---------------+----------------+-----
Axes           | 3 5 6 |  6.1
Fighting       | |  2.0
Throwing       | |  1.0
Armour         | |  1.1
Dodging        | |  2.1
Spellcasting   | |  2.0
Translocations | |  2.4

Action                   |  1- 3 |  4- 6 || total
-------------------------+-------+-------++-------
Melee: Hand axe          |    83 |    86 ||   169
       Kick              |    17 |    23 ||    40
       Peck              |    15 |    11 ||    26
       Punch             |     2 |     2 ||     4
Throw: Boomerang         |     7 |       ||     7
  Use: Scroll            |     4 |     1 ||     5
       Potion            |       |     1 ||     1
 Stab: Sleeping          |     1 |       ||     1
Armor: Leather armour    |    27 |    13 ||    40
       Ring mail         |       |     3 ||     3
Dodge: Dodged            |    48 |    54 ||   102

Table legend:
 A = Non-vault XP
 B = Vault XP
 C = Vault XP percentage of total XP
 D = Non-vault monster count
 E = Vault monster count
 F = Vault count percentage of total count
                 A         B        C        D         E       F
            +---------+---------+-------+---------+---------+-------
      Total |     238 |      10 |   4.0 |      62 |       4 |   6.1
            +---------+---------+-------+---------+---------+-------
        D:1 |      35 |       0 |   0.0 |      16 |       0 |   0.0
        D:2 |      43 |       0 |   0.0 |      16 |       0 |   0.0
        D:3 |     101 |      10 |   9.0 |      21 |       4 |  16.0
        D:4 |      59 |       0 |   0.0 |       9 |       0 |   0.0
            +---------+---------+-------+---------+---------+-------
